Map: Sueño eterno EJ

Players

Leavage - Winner!

  • Race: Terran Terran
  • League: Platinum
  • Spawn Location: 1:00

chillhop

  • Race: Protoss Protoss
  • League: Gold
  • Spawn Location: 7:00

VOD

Have the link to the VOD?

Description

Time

  • Played on: Aug. 8, 2020, 4:31 p.m.
  • Length: 10:40
Show
View Real Time Build Order
Export as new Build Order

Leavage Terran - Winner!

Build Orders:  

Get SALT Encoding   

  12  0:00  SCV  
  13  0:13  SCV  
  14  0:17  Supply Depot  
  14  0:25  SCV  
  15  0:40  SCV, Barracks  
  16  0:44  Refinery  
  16  0:53  SCV  
  17  1:06  SCV  
  18  1:19  SCV  
  19  1:28  Marine  
  19  1:31  Orbital Command  
  20  1:49  Reaper  
  20  1:51  Supply Depot  
  21  2:03  Command Center  
  21  2:07  SCV  
  22  2:12  Factory  
  22  2:23  SCV, Bunker  
  23  2:34  Barracks Reactor  
  23  2:36  SCV  
  24  2:44  Refinery  
  24  2:48  SCV  
  25  2:52  Supply Depot  
  25  3:00  SCV  
  25  3:04  Starport  
  26  3:12  Marine x2  
  27  3:14  Widow Mine  
  30  3:27  SCV  
  30  3:30  Marine x2  
  30  3:32  Supply Depot  
  30  3:33  Orbital Command  
  32  3:42  Widow Mine  
  32  3:48  Marine x2  
  36  3:50  SCV  
  36  3:53  Medivac  
  39  4:02  SCV  
  40  4:09  Widow Mine  
  42  4:11  SCV  
  42  4:14  SCV  
  44  4:22  Marine x2  
  46  4:26  SCV  
  47  4:36  SCV  
  47  4:38  SCV  
  49  4:39  Factory Tech Lab  
  49  4:40  Starport Tech Lab, Marine x2  
  51  4:48  Barracks  
  51  4:50  SCV x2  
  51  4:51  Command Center, Barracks  
  53  5:01  Marine x2  
  53  5:04  Raven  
  53  5:05  Siege Tank  
  53  5:06  SCV x2  
  62  5:20  Supply Depot  
  62  5:24  Supply Depot  
  62  5:38  SCV x2, Marine x2  
  62  5:56  Marine  
  61  6:05  Factory Reactor  
  61  6:06  Orbital Command  
  61  6:07  Starport Reactor  
  61  6:14  SCV x2, Engineering Bay x2, Marine  
  61  6:15  Marauder x2  
  61  6:16  Combat Shield, Stimpack  
  61  6:17  Armory  
  68  6:25  Marine  
  69  6:26  SCV, Orbital Command  
  69  6:29  SCV  
  69  6:38  SCV  
  69  6:39  Marauder x2, Marine  
  75  6:41  SCV  
  75  6:42  Terran Infantry Weapons Level 1  
  75  6:43  Marine  
  77  6:47  Supply Depot  
  77  6:48  Supply Depot  
  77  6:50  Supply Depot  
  77  6:59  Barracks  
  77  7:01  Medivac  
  79  7:02  Barracks  
  79  7:03  SCV  
  79  7:05  Refinery  
  79  7:06  Refinery  
  80  7:13  Missile Turret  
  80  7:17  Missile Turret  
  80  7:19  Medivac  
  80  7:22  SCV x2  
  84  7:26  SCV  
  85  7:34  SCV  
  85  7:35  SCV  
  87  7:43  Refinery  
  87  7:44  Marine x2, Refinery  
  87  7:45  Marauder x2  
  87  7:50  Barracks Tech Lab  
  93  7:52  Marine x2  
  95  8:02  Marine  
  96  8:06  Marauder x2  
  96  8:07  Marine  
  96  8:08  Terran Infantry Armor Level 1  
  96  8:10  Marine  
  102  8:20  Marine  
  102  8:21  Marine, Marauder  
  102  8:23  Medivac x2  
  110  8:27  Marauder x2  
  114  8:34  SCV  
  114  8:35  SCV x2  
  114  8:41  Marine x2  
  117  8:42  Supply Depot  
  117  8:43  Marauder  
  117  8:44  Supply Depot  
  117  8:46  Marine  
  122  8:48  Supply Depot  
  122  8:49  Marauder x2  
  126  9:00  Medivac x2  
  126  9:02  Marine x3  
  133  9:04  Marine, Marauder  
  136  9:10  Marine, Marauder  
  139  9:19  Marine  
  139  9:20  Marine  
  137  9:26  Marauder  
  137  9:28  Marauder  
  136  9:36  Marine  
  136  9:37  Marauder  
  136  9:38  Marine  
  140  9:42  Marine  
  141  9:47  Marauder  
  141  9:49  Marauder  
  138  9:54  Marine x2  
  138  9:58  Marauder  
  138  10:04  Marine  
  139  10:08  Marauder  
  139  10:11  Marauder  
  139  10:14  SCV  
  139  10:15  Marine  
  141  10:35  Command Center  
Show
View Real Time Build Order
Export as new Build Order

chillhop Protoss 

Build Orders: Double Forge 

Get SALT Encoding   

  12  0:09  Pylon  
  12  0:14  Probe  
  13  0:28  Gateway  
  13  0:32  Probe (Chrono Boost)  
  14  0:41  Pylon  
  14  0:44  Probe (Chrono Boost)  
  15  0:51  Assimilator  
  15  0:54  Probe  
  16  1:10  Gateway  
  16  1:14  Probe (Chrono Boost)  
  17  1:24  Probe (Chrono Boost), Cybernetics Core  
  18  1:34  Assimilator  
  18  1:59  Probe  
  19  2:05  Stalker  
  19  2:06  Stalker  
  23  2:11  Probe (Chrono Boost)  
  24  2:18  Forge  
  25  2:23  Probe (Chrono Boost)  
  25  2:25  Warp Gate  
  25  2:31  Pylon  
  25  2:33  Probe  
  26  3:03  Protoss Ground Armor Level 1 (Chrono Boost)  
  26  3:07  Pylon  
  26  3:15  Gateway  
  26  3:23  Forge  
  26  3:53  Gateway  
  26  3:55  Gateway  
  26  4:05  Nexus  
  26  4:12  Protoss Ground Weapons Level 1 (Chrono Boost)  
  26  4:20  Assimilator  
  26  4:21  Probe  
  26  4:22  Assimilator  
  27  4:33  Probe  
  27  4:35  Twilight Council  
  28  4:38  Photon Cannon  
  28  4:44  Photon Cannon  
  28  4:59  Robotics Facility  
  28  5:03  Gateway  
  28  5:09  Probe  
  29  5:21  Stalker, Probe  
  32  5:25  Blink  
  29  6:01  Observer (Chrono Boost)  
  30  6:07  Stalker  
  30  6:08  Stalker x2  
  30  6:09  Protoss Ground Armor Level 2 (Chrono Boost)  
  30  6:10  Protoss Ground Weapons Level 2 (Chrono Boost)  
  36  6:33  Probe  
  37  6:41  Probe  
  37  6:45  Probe  
  37  6:46  Observer  
  40  6:49  Stalker x2  
  40  6:53  Probe  
  45  6:58  Probe  
  46  7:05  Probe  
  47  7:10  Probe  
  47  7:13  Gateway  
  48  7:16  Gateway  
  48  7:21  Gateway  
  48  7:30  Stalker x2  
  48  7:31  Stalker  
  48  7:34  Stalker  
  56  7:49  Warp Prism  
  58  7:58  Probe  
  59  8:10  Probe  
  60  8:22  Probe  
  61  9:00  Pylon  
  61  9:01  Pylon  
  61  9:04  Pylon  
  61  9:05  Pylon  
  61  9:07  Pylon  
  61  9:09  Pylon  
  61  9:13  Stalker  
  61  9:14  Stalker x3  
  61  9:15  Stalker x2  
  58  9:20  Observer  
  46  9:31  Stalker x2  
  39  9:46  Stalker x3  
  39  9:47  Stalker x3  
Tags
 
Add a new tag
Caveats
  • Supply blocks, unpowered buildings, or Contaminate may cause inaccurate times.
  • Supply counts are checked every 10 seconds.